 Dungeon Crawl Stone Soup version 0.22-a0-274-gf8199ec (webtiles) character file.

1092 Amnesiac the Ducker (level 8, 0/51 HPs)
             Began as a Deep Elf Wizard on Mar 15, 2018.
             Killed from afar by an orc wizard (12 damage)
             ... with a puff of flame
             ... on level 5 of the Dungeon.
             The game lasted 00:05:57 (3997 turns).

Amnesiac the Ducker (Deep Elf Wizard)               Turns: 3997, Time: 00:05:58

Health: 0/51       AC:  2    Str:  4    XL:     8   Next: 9%
Magic:  0/16       EV: 15    Int: 26    God:
Gold:   125        SH:  0    Dex: 13    Spells: 5/16 levels left

rFire    . . .     SeeInvis .   v - +0 blowgun
rCold    . . .     Gourm    .   (no shield)
rNeg     . . .     Faith    .   a - +0 robe
rPois    .         Spirit   .   (no helmet)
rElec    .         Reflect  .   (no cloak)
rCorr    .         Harm     .   (no gloves)
MR       .....                  (no boots)
Stlth    ++........             (no amulet)
HPRegen  0.17/turn              (no ring)
MPRegen  0.15/turn              (no ring)

@: very slightly contaminated
A: no striking features
a: no special abilities


You were on level 5 of the Dungeon.
You were not hungry.

You visited 1 branch of the dungeon, and saw 5 of its levels.

You collected 125 gold pieces.

Inventory:

Hand Weapons
 k - a +0 dagger
 m - a +0 dagger of pain
 v - a +0 blowgun (weapon)
Missiles
 f - 41 poisoned needles (quivered)
Armour
 a - a +0 robe (worn)
Scrolls
 g - a scroll of magic mapping {!r, unknown}
 h - 5 scrolls of remove curse {!r, unknown}
 j - 2 scrolls of enchant armour {!r, unknown}
 l - a scroll of random uselessness {!r, unknown}
 o - 2 scrolls of enchant weapon {!r, unknown}
 q - a scroll of amnesia {!r, unknown}
 r - 2 scrolls of teleportation {!r, unknown}
 s - a scroll of immolation {!r, unknown}
 t - a scroll of fog {!r, unknown}
 u - 2 scrolls of noise {!r, unknown}
Potions
 c - a potion of heal wounds {!q, unknown}
 e - a potion of resistance {!q}
 i - a potion of flight {!q}
 n - a potion of lignification {!q}
 p - 2 potions of curing {!q}
 w - a potion of cancellation {!q}
Comestibles
 b - 9 chunks of flesh
 d - 8 rations


   Skills:
 * Level 5.6 Fighting
 + Level 5.7 Dodging
 - Level 2.4 Stealth
 - Level 4.5 Spellcasting
 - Level 5.1 Conjurations
 - Level 1.1 Summonings
 - Level 1.1 Translocations


You had 5 spell levels left.
You knew the following spells:

 Your Spells              Type           Power        Failure   Level  Hunger
a - Magic Dart            Conj           ####         1%          1    None
b - Call Imp              Summ           ##......     8%          2    None
e - Mephitic Cloud        Conj/Pois/Air  ##......     12%         3    ##.....
s - Conjure Flame         Conj/Fire      ###.....     9%          3    ##.....
v - Blink                 Tloc           N/A          8%          2    None


Dungeon Overview and Level Annotations

Branches:
Dungeon (5/15)
 Temple: D:4-7

Altars:


Message History

A puff of frost appears from out of thin air!
The puff of frost hits something.
Something hits you.
* * * LOW HITPOINT WARNING * * *
Casting: Magic Dart (safe; 1% risk of failure)
Confirm with . or Enter, or press ? or * to list all spells.
Aiming: Magic Dart (safe; 1% risk of failure)
Press: ? - help, Shift-Dir - straight line, f/p - orc
Aim: an orc, wielding a club The magic dart hits something.
Reactivating autopickup.
You feel a bit more experienced.
Casting: Magic Dart (safe; 1% risk of failure)
Confirm with . or Enter, or press ? or * to list all spells.
Aiming: Mephitic Cloud (safe; 12% risk of failure)
Press: ? - help, Shift-Dir - straight line, f/p - orc
Aim: an orc, wielding a club You miscast Mephitic Cloud.
You are very lightly contaminated with residual magic.
You hear a crackling sound.
Something hits you but does no damage.
Deactivating autopickup; reactivate with Ctrl-A.
Casting: Mephitic Cloud (safe; 12% risk of failure)
Confirm with . or Enter, or press ? or * to list all spells.
Aiming: Mephitic Cloud (safe; 12% risk of failure)
Press: ? - help, Shift-Dir - straight line, f/p - orc
Aim: an orc, wielding a club The ball explodes into a vile cloud!
The stinking cloud engulfs something. x2
The stinking cloud engulfs you!
Casting: Mephitic Cloud (safe; 12% risk of failure)
Confirm with . or Enter, or press ? or * to list all spells.
Aiming: Magic Dart (safe; 1% risk of failure)
Press: ? - help, Shift-Dir - straight line, f/p - orc
Aim: an orc, wielding a club The magic dart hits something.
Reactivating autopickup.
You feel a bit more experienced.
Casting: Magic Dart (safe; 1% risk of failure)
Confirm with . or Enter, or press ? or * to list all spells.
Aiming: Magic Dart (safe; 1% risk of failure)
Press: ? - help, Shift-Dir - straight line, f/p - orc
Aim: an orc, wielding a club The magic dart hits something.
Casting: Magic Dart (safe; 1% risk of failure)
Confirm with . or Enter, or press ? or * to list all spells.
Aiming: Magic Dart (safe; 1% risk of failure)
Press: ? - help, Shift-Dir - straight line, f/p - orc
Aim: an orc, wielding a club The magic dart hits something.
Casting: Magic Dart (safe; 1% risk of failure)
Confirm with . or Enter, or press ? or * to list all spells.
You don't have enough magic to cast that spell.
Casting: Magic Dart (safe; 1% risk of failure)
Confirm with . or Enter, or press ? or * to list all spells.
You don't have enough magic to cast that spell.
Casting: Magic Dart (safe; 1% risk of failure)
Confirm with . or Enter, or press ? or * to list all spells.
You don't have enough magic to cast that spell.
You are too injured to fight recklessly!
You are too injured to fight recklessly!
You hear some strange, mumbled words.
A puff of flame appears from out of thin air!
Deactivating autopickup; reactivate with Ctrl-A.
The puff of flame hits you!
You die...

.........#####
########.# #.# #.#
#.# #o# ##### #.#
#... #o#######.##
#...@...)..#
#########..#
#######..#####
###............#.
.................#
###.####...###.#.#
#.# ##.### .#.#
######.###...####.#.#
#..........#.##.....#


You could see an orc.

Vanquished Creatures
  A phantom (D:4)
  An ogre (D:5)
  A bullfrog (D:4)
  5 scorpions (D:4)
  2 bullfrog skeletons
  3 hounds
  2 orc priests
  6 orc wizards
  A centaur skeleton (D:4)
  2 worker ants (D:4)
  2 iguanas
  4 adders (D:2)
  A shadow imp (D:5)
  An adder skeleton (D:4)
  3 leopard geckos
  11 orcs
  A ball python (D:3)
  8 bats
  3 giant cockroaches
  7 hobgoblins
  2 jackals (D:2)
  3 quokkas (D:3)
  5 frilled lizards
  6 goblins
  7 kobolds
  A leopard gecko skeleton (D:4)
  5 rats
94 creatures vanquished.

Vanquished Creatures (collateral kills)
  3 jackals (D:1)
3 creatures vanquished.

Grand Total: 97 creatures vanquished

Notes
Turn   | Place    | Note
-------+----------+-------------------------------------------
     0 | D:1      | Amnesiac the Deep Elf Wizard began the quest for the Orb.
     0 | D:1      | Reached XP level 1. HP: 10/10 MP: 7/7
   333 | D:1      | Reached XP level 2. HP: 16/16 MP: 4/9
   337 | D:1      | Learned a level 2 spell: Blink
   340 | D:1      | Learned a level 2 spell: Call Imp
   341 | D:1      | Reached skill level 1 in Fighting
   902 | D:2      | Reached XP level 3. HP: 20/21 MP: 0/11
   907 | D:2      | Learned a level 3 spell: Conjure Flame
   911 | D:2      | Learned a level 3 spell: Mephitic Cloud
  1512 | D:3      | Reached XP level 4. HP: 26/26 MP: 8/12
  1898 | D:3      | Reached XP level 5. HP: 31/31 MP: 10/13
  2303 | D:4      | Reached skill level 5 in Conjurations
  2508 | D:4      | Reached XP level 6. HP: 28/36 MP: 14/14
  2972 | D:4      | Reached XP level 7. HP: 22/43 MP: 11/15
  3642 | D:4      | Reached skill level 5 in Dodging
  3713 | D:5      | Entered Level 5 of the Dungeon
  3741 | D:5      | Reached skill level 5 in Fighting
  3941 | D:5      | Reached XP level 8. HP: 42/50 MP: 12/16
  3997 | D:5      | Killed from afar by an orc wizard

Vault maps used:
D:1:      eino_arrival_druids_welcome
D:4:      first_ration
D:5:      old_standard_altar, minmay_temple_entry_hall, enter_ossuary_5,
          minmay_misc_feat_x, uniq_edmund

Skill      XL: |  1  2  3  4  5  6  7 |
---------------+----------------------+-----
Fighting       | 1 2 4 5 |  5.6
Conjurations   | 2 3 5 |  5.1
Dodging        | 4 5 |  5.7
Stealth        | |  2.4
Spellcasting   | |  4.5
Summonings     | |  1.1
Translocations | |  1.1

Action                   |  1- 3 |  4- 6 |  7- 9 || total
-------------------------+-------+-------+-------++-------
Melee: Unarmed           |     2 |       |       ||     2
       Blowgun           |       |       |     2 ||     2
 Fire: Blowgun           |       |   145 |    70 ||   215
 Cast: Magic Dart        |    82 |    34 |    67 ||   183
       Call Imp          |     1 |       |       ||     1
       Mephitic Cloud    |       |     5 |     1 ||     6
       Conjure Flame     |       |       |     8 ||     8
  Use: Scroll            |       |       |     4 ||     4
       Potion            |       |       |     1 ||     1
  Eat: Chunk             |     2 |     4 |     4 ||    10
Armor: Robe              |     5 |     4 |     6 ||    15
Dodge: Dodged            |    28 |    38 |    28 ||    94

Table legend:
 A = Spawn XP
 B = Non-spawn XP
 C = Spawn XP percentage of total XP
 D = Spawn monster count
 E = Non-spawn monster count
 F = Spawn count percentage of total count
 G = Total turns spent on level
                    A         B        C        D         E        F      G
               +---------+---------+-------+---------+---------+-------+---------
         Total |       0 |    1560 |   0.0 |       0 |      97 |   0.0 |  3997
               +---------+---------+-------+---------+---------+-------+---------
           D:1 |       0 |      19 |   0.0 |       0 |      16 |   0.0 |   734
           D:2 |       0 |      75 |   0.0 |       0 |      17 |   0.0 |   766
           D:3 |       0 |     155 |   0.0 |       0 |      25 |   0.0 |   786
           D:4 |       0 |     914 |   0.0 |       0 |      24 |   0.0 |  1427
           D:5 |       0 |     397 |   0.0 |       0 |      15 |   0.0 |   284
               +---------+---------+-------+---------+---------+-------+---------
